 Dungeon Crawl Stone Soup version 0.23-a0-636-g0ff6057 (webtiles) character file.

1568 MisterFreud the Conjurer (level 8, -4/62 HPs)
             Began as a Naga Fire Elementalist on Dec 28, 2018.
             Was an Initiate of Cheibriados.
             Slain by a yak (6 damage)
             ... on level 6 of the Dungeon.
             The game lasted 00:16:43 (4586 turns).

MisterFreud the Conjurer (Naga Fire Elementalist)   Turns: 4586, Time: 00:16:44

Health: -4/62      AC:  5    Str: 12    XL:     8   Next: 90%
Magic:  0/15       EV: 12    Int: 18    God:    Cheibriados [......]
Gold:   270        SH:  0    Dex: 13    Spells: 4/17 levels left

rFire    . . .     SeeInvis +   q - +9 staff of Wucad Mu {channel}
rCold    . . .     Gourm    .   (no shield)
rNeg     . . .     Faith    .   a - +0 robe
rPois    +         Spirit   .   (no helmet)
rElec    .         Reflect  .   s - +1 cloak {MR+}
rCorr    .         Harm     .   (no gloves)
MR       +++..                  (no barding)
Stlth    ++........             (no amulet)
HPRegen  0.20/turn              j - +1 ring of evasion
MPRegen  0.14/turn              o - ring of protection from magic

@: very slightly contaminated, very slow
A: large, see invisible, deformed body, poison resistance, slowness 2, slow
metabolism 1, spit poison 1, AC +2
a: Spit Poison, Bend Time, Renounce Religion


You were on level 6 of the Dungeon.
You worshipped Cheibriados.
Cheibriados was noncommittal.
You were very hungry.

You visited 2 branches of the dungeon, and saw 7 of its levels.

You collected 270 gold pieces.

Inventory:

Hand Weapons
 m - a +2 hand axe of electrocution
 q - the +9 staff of Wucad Mu (weapon) {channel}
   (You found it on level 6 of the Dungeon)
Missiles
 b - 190 stones (quivered)
 i - 55 sling bullets
 k - 66 arrows
 l - 159 bolts
 n - 27 poisoned needles
 v - 5 tomahawks
Armour
 a - a +0 robe (worn)
 s - a +1 cloak of magic resistance (worn)
Jewellery
 j - a +1 ring of evasion (left hand)
 o - a ring of protection from magic (right hand)
Wands
 f - a wand of flame (13)
 t - a wand of digging (5)
Potions
 d - a potion of brilliance
 e - 2 potions of agility
 g - a potion of flight
 p - a potion of degeneration
Comestibles
 c - 13 rations


   Skills:
 + Level 3.4 Dodging
 - Level 3.0 Stealth
 - Level 5.0 Spellcasting
 - Level 6.0 Conjurations
 - Level 6.0 Fire Magic
 + Level 3.8 Invocations


You had 4 spell levels left.
You knew the following spells:

 Your Spells              Type           Power        Failure   Level  Hunger
a - Flame Tongue          Conj/Fire      ####.        1%          1    None
b - Conjure Flame         Conj/Fire      ####....     3%          3    ##.....
c - Sticky Flame          Conj/Fire      ####....     11%         4    ####...
d - Fireball              Conj/Fire      ####......   30%         5    ######.

Your spell library contained the following spells:

 Spells                   Type           Power        Failure   Level  Hunger
 Throw Flame              Conj/Fire      ####..       1%          2    #......
 Inner Flame              Hex/Fire       ###.....     12%         3    ##.....


Dungeon Overview and Level Annotations

Branches:
Dungeon (6/15)             Temple (1/1) D:6

Altars:
Ashenzari
Cheibriados
Fedhas
Gozag
Trog
Uskayaw
Wu Jian
Xom

Shops:
D:5 =


Innate Abilities, Weirdness & Mutations

You cannot wear boots.
Your serpentine skin is tough. (AC +2)
You have supernaturally acute eyesight. (SInv)
Armour fits poorly on your strangely shaped body.
Your system is resistant to poisons. (rPois)
You cover ground very slowly.
You have a slow metabolism.
You can spit poison.


Message History

Aim: a yak The splash of poison hits the yak.
The yak is lightly wounded.
You feel slightly more hungry. The yak barely misses you.
The yak barely misses you.
You have got your breath back.
The yak gores you.
* * * LOW HITPOINT WARNING * * *
Casting: Sticky Flame (safe; 11% risk of failure)
Confirm with . or Enter, or press ? or * to list all spells.
Aiming: Sticky Flame (safe; 11% risk of failure)
Press: ? - help, Shift-Dir - straight line, f/p - yak
Aim: a yak (lightly wounded)
The sticky flame hits the yak.
The yak is moderately wounded.
The yak is covered in liquid flames!
The yak burns!
The yak gores you.
* * * LOW HITPOINT WARNING * * *
The yak burns!
The yak barely misses you. The yak burns! x2; The yak gores you.
You die...

#........#.# #........#
#
#..........#.#...######
####...[...#.#<#.# ###
#.......+...#.##
..###.......#.#.#..# #
..#).....>..#.#.#..# ..
..#.............#..#.###
........#####.###......#
.........†.....Y@....#
#....########.###.#.##
#....# #.# ## ###### #.#
..# ###


You could see a yak (burning).

Vanquished Creatures
  3 yaks (D:6)
  Eustachio (D:4)
  An acid dragon (D:5)
  A sky beast (D:5)
  An ogre (D:5)
  A centaur (D:6)
  A scorpion (D:6)
  A centaur zombie (D:6)
  3 hounds
  Crazy Yiuf (D:3)
  An orc priest (D:6)
  2 orc wizards (D:4)
  3 iguanas
  4 worker ants
  A hound skeleton (D:4)
  A worker ant zombie (D:5)
  3 gnolls (D:4)
  5 adders
  A shadow imp (D:6)
  4 oozes
  A worm (D:2)
  A dart slug (D:2)
  2 leopard geckos
  9 orcs
  5 giant cockroaches
  5 goblins
  8 hobgoblins
  3 jackals (D:1)
  A quokka (D:6)
  4 bats
  6 frilled lizards
  6 kobolds
  A quokka skeleton (D:5)
  5 rats
96 creatures vanquished.

Notes
Turn   | Place    | Note
-------+----------+-------------------------------------------
     0 | D:1      | MisterFreud the Naga Fire Elementalist began the quest for
                  | the Orb.
     0 | D:1      | Reached XP level 1. HP: 15/15 MP: 3/3
   155 | D:1      | Reached XP level 2. HP: 12/22 MP: 0/5
   827 | D:1      | You fall through a shaft!
   876 | D:1      | Reached XP level 3. HP: 28/28 MP: 6/6
  1581 | D:2      | Reached XP level 4. HP: 36/36 MP: 4/7
  2142 | D:3      | Found a bloodstained altar of Trog.
  2194 | D:3      | Learned a level 3 spell: Conjure Flame
  2268 | D:3      | Found a faded altar of an unknown god.
  2434 | D:3      | Found a runed door.
  2438 | D:3      | Noticed Crazy Yiuf
  2445 | D:3      | Killed Crazy Yiuf
  2811 | D:4      | Noticed Eustachio
  2827 | D:3      | Reached XP level 5. HP: 35/42 MP: 4/8
  2833 | D:4      | Killed Eustachio
  2833 | D:4      | Reached XP level 6. HP: 42/49 MP: 2/9
  2930 | D:4      | Reached skill level 5 in Conjurations
  2930 | D:4      | Reached skill level 5 in Fire Magic
  3097 | D:4      | Reached XP level 7. HP: 51/55 MP: 10/10
  3201 | D:4      | Found a shattered altar of Ashenzari.
  3427 | D:4      | Found a shimmering altar of Xom.
  3460 | D:5      | Entered Level 5 of the Dungeon
  3488 | D:5      | Found an opulent altar of Gozag.
  3560 | D:5      | Found Fiureawn's Jewellery Shoppe.
  3710 | D:5      | Learned a level 4 spell: Sticky Flame
  3716 | D:5      | Learned a level 5 spell: Fireball
  3887 | D:5      | Found a blossoming altar of Fedhas.
  3963 | D:5      | Reached XP level 8. HP: 8/62 MP: 0/14
  4394 | D:6      | Found the +9 staff of Wucad Mu {channel}
  4466 | D:6      | Found a staircase to the Ecumenical Temple.
  4474 | D:6      | Reached skill level 5 in Spellcasting
  4481 | Temple   | Entered the Ecumenical Temple
  4489 | Temple   | Became a worshipper of Cheibriados the Contemplative
  4529 | D:6      | Reached skill level 1 in Invocations
  4538 | D:6      | Noticed a yak
  4542 | D:6      | Noticed a yak
  4543 | D:6      | Noticed a yak
  4545 | D:6      | Noticed a yak
  4561 | D:6      | Killed a yak
  4565 | D:6      | Killed a yak
  4574 | D:6      | Killed a yak
  4577 | D:6      | HP: 3/62 [yak (12)]
  4584 | D:6      | HP: 1/62 [yak (5)]
  4586 | D:6      | Slain by a yak

Vault maps used:
D:1:      dpeg_arrival_pond
D:2:      serial_glass, glass_columns_a, glass_columns_b,
          hangedman_decor_lopped, kennysheep_small_spiral
D:3:      nicolae_overflow_hidden_temple, chequers_ecumenical_altar_simple,
          uniq_crazy_yiuf_cottage
D:4:      kennysheep_mini, nicolae_overflow_crystal_walls, uniq_eustachio
D:5:      lemuel_coloured_pillars_altar, lemuel_round_altar, first_ration,
          serial_shops, nicolae_shop_statue_plus, kennysheep_generic_room_13
D:6:      minmay_temple_entry_proselytizer
Temple:   eino_wide_crystal_templ

Skill      XL: |  1  2  3  4  5  6  7  8 |
---------------+-------------------------+-----
Conjurations   | 2 3 4 5 6 |  6.0
Fire Magic     | 4 5 6 |  6.0
Spellcasting   | 4 5 |  5.0
Invocations    | 3 |  3.8
Dodging        | 3 |  3.4
Stealth        | |  3.0

Action                   |  1- 3 |  4- 6 |  7- 9 || total
-------------------------+-------+-------+-------++-------
Melee: Club              |     1 |       |       ||     1
       Hand axe          |     1 |     7 |       ||     8
       Quarterstaff      |       |    17 |    41 ||    58
       Staff             |       |       |    18 ||    18
Throw: Stone             |     2 |       |       ||     2
 Cast: Flame Tongue      |    35 |    29 |    36 ||   100
       Sticky Flame      |       |       |    10 ||    10
 Abil: Spit Poison       |    31 |    26 |    23 ||    80
Evoke: Staff of Wucad Mu |       |       |     3 ||     3
  Use: Scroll            |       |     4 |     6 ||    10
       Potion            |       |       |     3 ||     3
 Stab: Sleeping          |       |       |     1 ||     1
  Eat: Chunk             |     3 |     6 |     3 ||    12
       Ration            |       |       |     1 ||     1
Armor: Robe              |     2 |    11 |    21 ||    34
Dodge: Dodged            |     5 |    20 |    43 ||    68

Table legend:
 A = Non-vault XP
 B = Vault XP
 C = Vault XP percentage of total XP
 D = Non-vault monster count
 E = Vault monster count
 F = Vault count percentage of total count
                 A         B        C        D         E       F
            +---------+---------+-------+---------+---------+-------
      Total |    1925 |     316 |  14.1 |      92 |       4 |   4.2
            +---------+---------+-------+---------+---------+-------
        D:1 |      39 |       0 |   0.0 |      22 |       0 |   0.0
        D:2 |      49 |       0 |   0.0 |      15 |       0 |   0.0
        D:3 |      69 |      40 |  36.7 |      11 |       1 |   8.3
        D:4 |     358 |     203 |  36.2 |      21 |       1 |   4.5
        D:5 |     535 |      33 |   5.8 |      13 |       1 |   7.1
        D:6 |     875 |      40 |   4.4 |      10 |       1 |   9.1
            +---------+---------+-------+---------+---------+-------
